 Dungeon Crawl Stone Soup version 0.29.1-1-gd02db6906a (webtiles) character file.

Game seed: 844200750408207107

79 lonewolfV2 the Trooper (level 4, -6/35 HPs)
             Began as a Demonspawn Fighter on Oct 16, 2022.
             Killed by divine providence
             ... invoked by an orc priest
              (10 damage)
             ... on level 3 of the Dungeon.
             The game lasted 00:03:46 (2088 turns).

lonewolfV2 the Trooper (Demonspawn Fighter)         Turns: 2088, Time: 00:03:46

Health: -6/35      AC:  9    Str: 18    XL:     4   Next: 16%
Magic:  4/4        EV:  9    Int:  9    God:
Gold:   112        SH:  8    Dex: 13    Spells: 3/3 levels left

rFire   . . .      SeeInvis .   a - +1 war axe
rCold   . . .      Faith    .   c - +0 buckler
rNeg    . . .      Spirit   .   b - +1 scale mail
rPois   .          Reflect  .   (no helmet)
rElec   .          Harm     .   (no cloak)
rCorr   .          Rampage  .   (no gloves)
Will    .....                   (no boots)
Stlth   ..........              (no amulet)
HPRegen 0.11/turn               (no ring)
MPRegen 0.09/turn               (no ring)

@: no status effects
A: thin metallic scales 1, condensation shield
a: no special abilities


You were on level 3 of the Dungeon.
You visited 1 branch of the dungeon, and saw 3 of its levels.

You collected 112 gold pieces.

Inventory:

Hand Weapons
 a - a +1 war axe (weapon)
Armour
 b - a +1 scale mail (worn)
 c - a +0 buckler (worn)
Potions
 d - a potion of might
 e - a potion of resistance
 f - a potion of mutation {unknown}
 g - a potion of ambrosia
 h - 4 potions of heal wounds
 m - a potion of curing {unknown}


   Skills:
 + Level 3.5 Fighting
 + Level 2.4 Axes
 + Level 3.3 Armour
 + Level 3.2 Shields


You had 3 spell levels left.
You didn't know any spells.
Your spell library contained the following spells:

 Spells                   Type           Power      Damage    Failure   Level
 Frozen Ramparts          Ice            0%         1d1       99%         3
 Ice Form                 Ice/Tmut       0%         N/A       100%        4
 Summon Ice Beast         Ice/Summ       0%         N/A       100%        4


Dungeon Overview and Level Annotations

Branches:
Dungeon (3/15)

Altars:

Annotations:
D:1 2 transporters


Innate Abilities, Weirdness & Mutations

You are partially covered in thin metallic scales. (AC +2)
A meltable shield of frost defends you. (SH +4)


Message History

The bat barely misses you. You block the bat's attack.
The bat hits you but does no damage. You block the bat's attack.
You block the bat's attack.
You closely miss the bat.
The bat is moderately wounded.
The bat closely misses you. You block the bat's attack. x2
You closely miss the bat.
The bat is moderately wounded.
The bat barely misses you.
The orc priest hits the bush but does no damage.
The bat hits you but does no damage.
The orc priest invokes the aid of Beogh against you.
Beogh smites you!
There is a stone staircase leading down here.
Things that are here:
a +0 dagger; a +0 robe The bat attacks as you move away!
The bat hits you but does no damage. The bat barely misses you. x2
Things that are here:
a staff of poison; a +0 robe The bat attacks as you move away!
The bat completely misses you. The bat closely misses you. The bat misses you.
The orc priest mumbles some strange prayers to Beogh against you.
Beogh smites you!
* * * LOW HITPOINT WARNING * * *
The bat hits you but does no damage.
Things that are here:
a staff of poison; a +0 robe You hit the bat.
The bat is heavily wounded.
The bat closely misses you. The bat barely misses you.
You slash the bat!
You kill the bat!
You closely miss the orc priest.
The orc priest mumbles some strange prayers to Beogh against you.
Beogh smites you!
You die...

***,,,*#....,*#..##
**,,**#P.P**##.#
*****,,##≈.≈#* #.#
,,,,,*##≈≈.≈≈###.#
,*****P≈≈≈.≈≈bP#.#
,***,,.......o...#
,,,,,*P≈≈≈.≈≈≈P#>#
,,,,**##≈≈.≈≈###o#
,**,,,,##≈.≈#* #@#
,**,*,,,#P.P* #.#
,**,*,,,##.#***#.#
,,,,,,,,,........#
,,,,,,,,##########
*********


You could see an orc priest.

Vanquished Creatures
  2 orc wizards (D:3)
  An adder (D:2)
  3 bats
  3 endoplasms
  A goblin (D:2)
  3 hobgoblins (D:1)
  2 quokkas
  2 ball pythons (D:1)
  A kobold (D:2)
  3 rats (D:2)
21 creatures vanquished.

Vanquished Creatures (others)
  2 fungi (D:2)
2 creatures vanquished.

Grand Total: 23 creatures vanquished

Notes
Turn   | Place    | Note
-------+----------+-------------------------------------------
     0 | D:1      | lonewolfV2 the Demonspawn Fighter began the quest for the
                  | Orb.
     0 | D:1      | Reached XP level 1. HP: 18/18 MP: 1/1
   370 | D:1      | Gained mutation: You are partially covered in thin metallic
                  | scales. (AC +2) [demonic ancestry]
   370 | D:1      | Reached XP level 2. HP: 21/24 MP: 2/2
   832 | D:2      | Found a faded altar of an unknown god.
  1610 | D:2      | Gained mutation: A meltable shield of frost defends you.
                  | (SH +4) [demonic ancestry]
  1610 | D:2      | Reached XP level 3. HP: 22/29 MP: 3/3
  2068 | D:3      | Reached XP level 4. HP: 35/35 MP: 4/4
  2088 | D:3      | Killed from afar by an orc priest

Illustrated notes

Levels and vault maps discovered:
D:1:      spicycebolla_arrival_transporter_tutorial, layout_basic
D:2:      layout_basic, shapermc_ecumenical_altar_acropolis, grunt_ministairs_3
D:3:      layout_loops_corners, dreamdust_princess_bridge

Skill      XL: |  1  2  3 |
---------------+----------+-----
Axes           | 2 |  2.4
Armour         | 3 |  3.3
Shields        | 3 |  3.2
Fighting       | |  3.5

Action                   |  1- 3 |  4- 6 || total
-------------------------+-------+-------++-------
Melee: War axe           |    67 |     7 ||    74
  Use: Scroll            |     9 |       ||     9
Armor: Scale mail        |    44 |     6 ||    50
Dodge: Dodged            |    26 |    10 ||    36
Block: Buckler           |    21 |     5 ||    26
